 Dungeon Crawl Stone Soup version 0.29.0-4-gdea44cf6ec (webtiles) character file.

Game seed: 8137718232899247889

70 qw the Chopper (level 4, -1/44 HPs)
             Began as an Ogre Enchanter on Sept 3, 2022.
             Slain by a phantom (2 damage)
             ... on level 3 of the Dungeon.
             The game lasted 00:01:49 (4145 turns).

qw the Chopper (Ogre Enchanter)                     Turns: 4145, Time: 00:01:50

Health: -1/44      AC:  4    Str: 14    XL:     4   Next: 22%
Magic:  7/7        EV:  9    Int: 16    God:
Gold:   115        SH:  0    Dex:  9    Spells: 7/7 levels left

rFire   . . .      SeeInvis .   Y - +0 whip
rCold   + . .      Faith    .   (no shield)
rNeg    . . .      Spirit   .   i - +1 robe of Repnestro {Will+}
rPois   .          Reflect  .   (helmet restricted)
rElec   .          Harm     .   (no cloak)
rCorr   .          Rampage  .   (gloves unavailable)
Will    +....                   (boots unavailable)
Stlth   ++........              (no amulet)
HPRegen 0.14/turn               p - ring of protection from cold
MPRegen 0.10/turn               (no ring)

@: no status effects
A: large, unfitting armour, tough skin 1
a: no special abilities


You were on level 3 of the Dungeon.
You visited 1 branch of the dungeon, and saw 3 of its levels.

You collected 115 gold pieces.


Innate Abilities, Weirdness & Mutations

You are too large for most types of armour.
You have tough skin. (AC +1)


   Skills:
 + Level 2.6 Fighting
 - Level 0.8 Short Blades
 - Level 3.0 Axes
 - Level 1.7 Dodging
 - Level 2.1 Stealth
 - Level 2.4 Spellcasting
 - Level 2.6 Hexes


You had 7 spell levels left.
You didn't know any spells.
Your spell library contained the following spells:

 Spells                   Type           Power      Damage    Failure   Level
 Ensorcelled Hibernation  Hex/Ice        12%        N/A       17%         2
 Confusing Touch          Hex            10%        N/A       21%         3
 Tukima's Dance           Hex            10%        N/A       21%         3
 Dazzling Flash           Conj/Hex       12%        N/A       34%         3

Inventory:

Hand Weapons
 Y - a +0 whip (weapon)
Missiles
 a - a boomerang (quivered)
Armour
 i - the +1 robe of Repnestro (worn) {Will+}
   (You found it on level 2 of the Dungeon)

   Will:      It increases your willpower.
Jewellery
 p - a ring of protection from cold (left hand)
Scrolls
 b - 2 scrolls of vulnerability {unknown}
 c - a scroll of identify
 h - a scroll of teleportation {unknown}
 l - a scroll of enchant armour {unknown}
Potions
 d - 2 potions of heal wounds {unknown}
 e - 2 potions of curing
 f - a potion of attraction {unknown}
 g - a potion of degeneration {unknown}
 j - a potion of haste {unknown}
 k - a potion of brilliance {unknown}
 m - a potion of mutation {unknown}
 n - a potion of lignification {unknown}

Dungeon Overview and Level Annotations

Branches:
Dungeon (3/15)

Altars:

Shops:
D:1 *


Message History

You hit the phantom.
The phantom is heavily damaged.
The phantom barely misses you.
You closely miss the phantom.
The phantom is heavily damaged.
The phantom hits you.
You hit the phantom.
The phantom is heavily damaged.
The phantom hits you.
You hit the phantom but do no damage.
The phantom is heavily damaged.
The phantom hits you but does no damage.
You closely miss the phantom.
The phantom is heavily damaged.
The phantom hits you.
You hit the phantom.
The phantom is heavily damaged.
The phantom hits you.
You hit the phantom.
The phantom is severely damaged.
The phantom hits you but does no damage.
You barely miss the phantom.
The phantom is severely damaged.
The phantom hits you but does no damage.
You closely miss the phantom.
The phantom is severely damaged.
The phantom closely misses you.
You closely miss the phantom.
The phantom is severely damaged.
The phantom hits you but does no damage.
You closely miss the phantom.
The phantom is severely damaged.
The phantom hits you but does no damage.
You barely miss the phantom.
The phantom is severely damaged.
The phantom hits you.
You completely miss the phantom.
The phantom is severely damaged.
The phantom hits you.
You die...

#.# #.# #.# ##'##### #.# #......#
#.# #......# ######.# #......#
....##.# ########......# ....##.#
#.........##### ....##.#
##'################## .......#
#....W@# #.........# ....####
#......# #.........# ........
+......# #.........# ########
#......# #.........#
......###############.........###
..............................'..
#...#.#.......#######.........###
..#.#.#.#......# #.........# #
..#.#.#.#......# #.........# #


You could see a phantom.

Vanquished Creatures
  An adder (D:2)
  2 dart slugs
  3 ball pythons
  4 endoplasms
  3 giant cockroaches
  8 goblins
  4 hobgoblins
  4 jackals (D:1)
  6 kobolds
  2 quokkas (D:2)
  5 bats
  A frilled lizard (D:1)
  6 rats
49 creatures vanquished.

Notes
Turn   | Place    | Note
-------+----------+-------------------------------------------
     0 | D:1      | qw the Ogre Enchanter began the quest for the Orb.
     0 | D:1      | Reached XP level 1. HP: 16/16 MP: 3/3
     0 | D:1      | 0 ||| qw: Version: 0.1-a-102-g441f92d
     0 | D:1      | 0 ||| qw: Game counter: 5199
     0 | D:1      | 0 ||| qw: Always use a shield: true
     0 | D:1      | 0 ||| qw: God list: Okawaru
     0 | D:1      | 0 ||| qw: Allow faded altars: false
     0 | D:1      | 0 ||| qw: Do Orc after D:15 true
     0 | D:1      | 0 ||| qw: Do second Lair branch before Depths: true
     0 | D:1      | 0 ||| qw: Lair rune preference: random
     0 | D:1      | 0 ||| qw: Plans: Normal
     0 | D:1      | 0 ||| PLANNING D:1-11
    69 | D:1      | 69 ||| Stepping ~*~*~tactically~*~*~ (outnumbered).
    71 | D:1      | 71 ||| Stepping ~*~*~tactically~*~*~ (outnumbered).
    72 | D:1      | 72 ||| Stepping ~*~*~tactically~*~*~ (outnumbered).
    73 | D:1      | 73 ||| Stepping ~*~*~tactically~*~*~ (outnumbered).
    74 | D:1      | 74 ||| Stepping ~*~*~tactically~*~*~ (outnumbered).
   213 | D:1      | Reached skill level 1 in Axes
   231 | D:1      | 231 ||| Stepping ~*~*~tactically~*~*~ (stealth).
   244 | D:1      | 244 ||| SWAPPING to +0 club.
   245 | D:1      | 245 ||| DROPPING +1 dagger.
   251 | D:1      | 251 ||| Stepping ~*~*~tactically~*~*~ (stealth).
   253 | D:1      | 253 ||| Stepping ~*~*~tactically~*~*~ (stealth).
   258 | D:1      | 258 ||| Stepping ~*~*~tactically~*~*~ (outnumbered).
   259 | D:1      | 259 ||| Stepping ~*~*~tactically~*~*~ (outnumbered).
   260 | D:1      | 260 ||| Stepping ~*~*~tactically~*~*~ (outnumbered).
   269 | D:1      | Reached skill level 1 in Fighting
   269 | D:1      | Reached XP level 2. HP: 10/27 MP: 5/5
   280 | D:1      | 280 ||| Stepping ~*~*~tactically~*~*~ (stealth).
   482 | D:1      | 482 ||| SWAPPING to +0 whip.
   483 | D:1      | 483 ||| DROPPING +0 club.
   864 | D:1      | Found Ateg's Assorted Antiques.
   878 | D:1      | 878 ||| SHOPLISTING amulet of the Four Winds {rN+ Will+++
                  | Clar} (1517 gold, have 8).
   878 | D:1      | 878 ||| SHOPLISTING scroll labelled ISAWOFAGUOPS (25 gold,
                  | have 8).
   878 | D:1      | 878 ||| SHOPLISTING scroll labelled TOEFFA ZASIO (25 gold,
                  | have 8).
   878 | D:1      | 878 ||| SHOPLISTING scroll labelled WEOXEL ROD KOSIU (25
                  | gold, have 8).
   890 | D:1      | Reached skill level 2 in Axes
  1153 | D:1      | Reached XP level 3. HP: 29/35 MP: 6/6
  1230 | D:1      | 1230 ||| Stepping ~*~*~tactically~*~*~ (hiding).
  1332 | D:1      | 1332 ||| Stepping ~*~*~tactically~*~*~ (hiding).
  1434 | D:1      | 1434 ||| Stepping ~*~*~tactically~*~*~ (hiding).
  1536 | D:1      | 1536 ||| Stepping ~*~*~tactically~*~*~ (hiding).
  1538 | D:1      | 1538 ||| Stepping ~*~*~tactically~*~*~ (hiding).
  1539 | D:1      | 1539 ||| Stepping ~*~*~tactically~*~*~ (hiding).
  1541 | D:1      | 1541 ||| Stepping ~*~*~tactically~*~*~ (hiding).
  2098 | D:1      | 2098 ||| READING scroll labelled BUSAGG EKIAXA.
  2099 | D:1      | 2099 ||| READING scroll labelled TOEFFA ZASIO.
  2240 | D:1      | 2240 ||| DROPPING 2 potions of invisibility.
  2547 | D:2      | 2547 ||| Stepping ~*~*~tactically~*~*~ (hiding).
  2549 | D:2      | 2549 ||| Stepping ~*~*~tactically~*~*~ (hiding).
  2816 | D:2      | Identified the +1 robe of Repnestro {Will+}
  3627 | D:2      | 3627 ||| UPGRADING to +1 robe of Repnestro {Will+}.
  3637 | D:2      | 3637 ||| DROPPING +0 robe.
  3638 | D:2      | 3638 ||| UPGRADING to ring of protection from cold.
  3639 | D:2      | 3639 ||| READING scroll labelled ISAWOFAGUOPS.
  3640 | D:2      | 3640 ||| READING 3 scrolls labelled ROXKAIKLEVEC.
  3641 | D:2      | 3641 ||| READING scroll labelled YROERU UCAYL.
  3642 | D:2      | 3642 ||| READING scroll labelled LOPPARARUE.
  3643 | D:2      | 3643 ||| DRINKING 3 golden potions.
  3644 | D:2      | 3644 ||| DRINKING 2 fizzy blue potions.
  3745 | D:2      | 3745 ||| DROPPING 2 scrolls of magic mapping.
  3746 | D:2      | 3746 ||| DROPPING potion of ambrosia.
  3774 | D:3      | Reached skill level 3 in Axes
  3774 | D:3      | Reached XP level 4. HP: 42/42 MP: 7/7
  4108 | D:3      | Noticed a phantom
  4109 | D:3      | 4109 ||| Stepping ~*~*~tactically~*~*~ (stealth).
  4111 | D:3      | 4111 ||| Stepping ~*~*~tactically~*~*~ (stealth).
  4135 | D:3      | HP: 9/44 [phantom (5)]
  4138 | D:3      | HP: 3/44 [phantom (2)]
  4144 | D:3      | HP: 1/44 [phantom (3)]
  4145 | D:3      | Slain by a phantom

Levels and vault maps discovered:
D:1:      lightli_arrival_maybe_door_vault, layout_basic, serial_shops, shop
D:2:      layout_loops_corners, dk_vineyard_1
D:3:      layout_basic, shapermc_ecumenical_altar_mp_ritualfount,
          minmay_mini_jars

Skill      XL: |  1  2  3 |
---------------+----------+-----
Axes           | 1 2 3 |  3.0
Fighting       | 1 2 |  2.6
Short Blades   | |  0.8
Dodging        | |  1.7
Stealth        | |  2.1
Spellcasting   | |  2.4
Hexes          | |  2.6

Action                   |  1- 3 |  4- 6 || total
-------------------------+-------+-------++-------
Melee: Dagger            |    17 |       ||    17
       Club              |    12 |       ||    12
       Whip              |   147 |    69 ||   216
Throw: Boomerang         |    52 |    13 ||    65
  Use: Scroll            |     6 |       ||     6
       Potion            |     2 |       ||     2
Armor: Robe              |    42 |    38 ||    80
Dodge: Dodged            |    83 |    32 ||   115

Table legend:
 A = Non-vault XP
 B = Vault XP
 C = Vault XP percentage of total XP
 D = Non-vault monster count
 E = Vault monster count
 F = Vault count percentage of total count
                 A         B        C        D         E       F
            +---------+---------+-------+---------+---------+-------
      Total |     101 |       0 |   0.0 |      49 |       0 |   0.0
            +---------+---------+-------+---------+---------+-------
        D:1 |      47 |       0 |   0.0 |      25 |       0 |   0.0
        D:2 |      33 |       0 |   0.0 |      13 |       0 |   0.0
        D:3 |      21 |       0 |   0.0 |      11 |       0 |   0.0
            +---------+---------+-------+---------+---------+-------
